TOP OF THE 1ST |
Rappahannock Partisans batting - Pitching for Sylvania Maple Leaves : RHP José Ramírez
|
Pitching: RHP José Ramírez
|
|
Batting: RHB Bill Taylor
|
0-0: Called Strike 0-1: Ball 1-1: Swinging Strike 1-2: Strikes out looking
|
Batting: LHB Alfonso López
|
0-0: Bunt missed! 0-1: Ball 1-1: Swinging Strike 1-2: Ball 2-2: Strikes out looking
|
Batting: RHB Eduardo Manuel
|
0-0: SINGLE (Groundball, 56D)
|
Batting: RHB José Mata
|
0-0: Called Strike 0-1: Ball 1-1: Ball 2-1: Foul Ball, location: 2F 2-2: Ball 3-2: Strikes out swinging
|
Top of the 1st over - 0 run(s), 1 hit(s), 0 error(s), 1 left on base; Rappahannock 0 - Sylvania 0 |
BOTTOM OF THE 1ST |
Sylvania Maple Leaves batting - Pitching for Rappahannock Partisans : RHP Jim Unknown
|
Pitching: RHP Jim Unknown
|
|
Batting: RHB Kenny Norton
|
0-0: Called Strike 0-1: Ball 1-1: Foul Ball, location: 2F 1-2: Ball 2-2: Strikes out swinging
|
Batting: RHB Bernardo Márquez
|
0-0: Ball 1-0: Called Strike 1-1: SINGLE (Line Drive, 4D)
|
Batting: RHB Harris Harden
|
0-0: Ball 1-0: Called Strike 1-1: Fly out, F9 (Line Drive, 89S)
|
Batting: LHB Iván Gonzáles
|
0-0: Ball 1-0: Ball 2-0: Swinging Strike 2-1: Ball 3-1: Base on Balls Bernardo Márquez to second
|
Batting: LHB Daniel Ruíz
|
0-0: Ball 1-0: Ball 2-0: Fly out, F7 (Flyball, 7LS)
|
Bottom of the 1st over - 0 run(s), 1 hit(s), 0 error(s), 2 left on base; Rappahannock 0 - Sylvania 0 |
TOP OF THE 2ND |
Rappahannock Partisans batting - Pitching for Sylvania Maple Leaves : RHP José Ramírez
|
Batting: RHB Matt Sheppard
|
0-0: Ball 1-0: Foul Ball, location: 2F 1-1: Called Strike 1-2: Ball 2-2: SOLO HOME RUN (Line Drive, 8LXD), Distance : 445 ft
|
Batting: RHB Colby Turner
|
0-0: Ball 1-0: Called Strike 1-1: Fly out, F9 (Line Drive, 89S)
|
Batting: LHB Marvin von Seydlitz
|
0-0: Ball 1-0: Ball 2-0: Hit by Pitch
|
Batting: LHB Miguel Mendoza
|
0-0: Called Strike 0-1: Ball 1-1: Called Strike 1-2: Fly out, F7 (Line Drive, 7LS)
|
Batting: RHB Ángel Ruezga
|
0-0: SINGLE (Groundball, 4MD) Marvin von Seydlitz to second Runner from 2nd tries for 3rd, SAFE, no throw or cutoff
|
Pinch Runner at 3rd Jesús Murillo:
|
|
Batting: RHB Bill Taylor
|
0-0: Ball 1-0: Ball 2-0: Foul Ball, location: 2F 2-1: Foul Ball, location: 2F 2-2: Ground out 6-3 (Groundball, 6)
|
Top of the 2nd over - 1 run(s), 2 hit(s), 0 error(s), 2 left on base; Rappahannock 1 - Sylvania 0 |
BOTTOM OF THE 2ND |
Sylvania Maple Leaves batting - Pitching for Rappahannock Partisans : RHP Jim Unknown
|
Now at 2B: Jesús Murillo
|
|
Batting: RHB Yao-qing Ya
|
0-0: Ball 1-0: SINGLE (Line Drive, 34D)
|
Batting: RHB José Valdéz
|
0-0: Foul Ball, location: 2F 0-1: Foul Ball, location: 2F 0-2: Ball 1-2: Foul Ball, location: 2F 1-2: Foul Ball, location: 2F 1-2: Strikes out looking
|
Batting: LHB Chris Randolph
|
0-0: Called Strike 0-1: Called Strike 0-2: Grounds into double play, 4-6-3 (Groundball, 4)
|
Bottom of the 2nd over - 0 run(s), 1 hit(s), 0 error(s), 0 left on base; Rappahannock 1 - Sylvania 0 |
TOP OF THE 3RD |
Rappahannock Partisans batting - Pitching for Sylvania Maple Leaves : RHP José Ramírez
|
Batting: LHB Alfonso López
|
0-0: Ground out 4-3 (Groundball, 34)
|
Batting: RHB Eduardo Manuel
|
0-0: Swinging Strike 0-1: Called Strike 0-2: Strikes out swinging
|
Batting: RHB José Mata
|
0-0: Called Strike 0-1: Foul Ball, location: 2F 0-2: Strikes out swinging
|
Top of the 3rd over - 0 run(s), 0 hit(s), 0 error(s), 0 left on base; Rappahannock 1 - Sylvania 0 |
BOTTOM OF THE 3RD |
Sylvania Maple Leaves batting - Pitching for Rappahannock Partisans : RHP Jim Unknown
|
Batting: RHB Trevor Gardner
|
0-0: Called Strike 0-1: Ball 1-1: Swinging Strike 1-2: Ball 2-2: Foul Ball, location: 2F 2-2: Foul Ball, location: 2F 2-2: Fly out, F8 (Flyball, 8LM)
|
Batting: RHB Kenny Norton
|
0-0: Called Strike 0-1: Ball 1-1: Ball 2-1: Ball 3-1: Base on Balls
|
Batting: RHB Bernardo Márquez
|
0-0: Ball 1-0: Ball 2-0: Called Strike 2-1: Fly out, F7 (Flyball, 7M)
|
Batting: RHB Harris Harden
|
0-0: Ball 1-0: Called Strike 1-1: Swinging Strike 1-2: Foul Ball, location: 2F 1-2: Foul Ball, location: 2F 1-2: Ground out 5-3 (Groundball, 5S)
|
Bottom of the 3rd over - 0 run(s), 0 hit(s), 0 error(s), 1 left on base; Rappahannock 1 - Sylvania 0 |
TOP OF THE 4TH |
Rappahannock Partisans batting - Pitching for Sylvania Maple Leaves : RHP José Ramírez
|
Batting: RHB Matt Sheppard
|
0-0: Ball 1-0: Ball 2-0: Called Strike 2-1: Foul Ball, location: 2F 2-2: Foul Ball, location: 2F 2-2: Strikes out swinging
|
Batting: RHB Colby Turner
|
0-0: Called Strike 0-1: Ball 1-1: Swinging Strike 1-2: Ball 2-2: Ball 3-2: Strikes out swinging
|
Batting: RHB Jesús Murillo
|
0-0: Called Strike 0-1: Ball 1-1: Foul Ball, location: 2F 1-2: Strikes out looking
|
Top of the 4th over - 0 run(s), 0 hit(s), 0 error(s), 0 left on base; Rappahannock 1 - Sylvania 0 |
BOTTOM OF THE 4TH |
Sylvania Maple Leaves batting - Pitching for Rappahannock Partisans : RHP Jim Unknown
|
Batting: LHB Iván Gonzáles
|
0-0: Ground out 2-3 (Groundball, 2L)
|
Batting: LHB Daniel Ruíz
|
0-0: Ball 1-0: Ball 2-0: Swinging Strike 2-1: Ground out 1-3 (Groundball, 13S)
|
Batting: RHB Yao-qing Ya
|
0-0: Ball 1-0: Ball 2-0: Ball 3-0: Called Strike 3-1: Foul Ball, location: 2F 3-2: SINGLE (Line Drive, 89M)
|
Batting: RHB José Valdéz
|
0-0: Called Strike 0-1: SINGLE (Groundball, 34D) Yao-qing Ya to second
|
Batting: LHB Chris Randolph
|
0-0: Called Strike 0-1: DOUBLE (Line Drive, 9LS) Yao-qing Ya scores José Valdéz to third
|
Batting: RHB Trevor Gardner
|
0-0: Ball 1-0: Called Strike 1-1: Ground out 3-1 (Groundball, 34S)
|
Bottom of the 4th over - 1 run(s), 3 hit(s), 0 error(s), 2 left on base; Rappahannock 1 - Sylvania 1 |
TOP OF THE 5TH |
Rappahannock Partisans batting - Pitching for Sylvania Maple Leaves : RHP José Ramírez
|
Batting: LHB Miguel Mendoza
|
0-0: SINGLE (Flyball, 7S)
|
Batting: RHB Ángel Ruezga
|
0-0: Bunt missed! 0-1: Sac Bunt - play at second, runner OUT! 3-6
|
Batting: RHB Bill Taylor
|
0-0: Ball 1-0: Foul Ball, location: 2F 1-1: Fly out, F9 (Flyball, 89M)
|
Batting: LHB Alfonso López
|
Balk! Ángel Ruezga to second 0-0: Called Strike 0-1: Swinging Strike 0-2: Strikes out looking
|
Top of the 5th over - 0 run(s), 1 hit(s), 0 error(s), 1 left on base; Rappahannock 1 - Sylvania 1 |
BOTTOM OF THE 5TH |
Sylvania Maple Leaves batting - Pitching for Rappahannock Partisans : RHP Jim Unknown
|
Batting: RHB Kenny Norton
|
0-0: Ground out 4-3 (Groundball, 4)
|
Batting: RHB Bernardo Márquez
|
0-0: Called Strike 0-1: Ball 1-1: Ball 2-1: Ball 3-1: Foul Ball, location: 2F 3-2: SINGLE (Line Drive, 4M)
|
Batting: RHB Harris Harden
|
0-0: Called Strike 0-1: Ball 1-1: Ball 2-1: Grounds into double play, 1-4-3 (Groundball, 25)
|
Bottom of the 5th over - 0 run(s), 1 hit(s), 0 error(s), 0 left on base; Rappahannock 1 - Sylvania 1 |
TOP OF THE 6TH |
Rappahannock Partisans batting - Pitching for Sylvania Maple Leaves : RHP José Ramírez
|
Batting: RHB Eduardo Manuel
|
0-0: Foul Ball, location: 2F 0-1: Swinging Strike 0-2: Strikes out swinging
|
Batting: RHB José Mata
|
0-0: Ball 1-0: Called Strike 1-1: Ball 2-1: Fly out, F4 (Popup, 3)
|
Batting: RHB Matt Sheppard
|
0-0: Fly out, F7 (Line Drive, 78D)
|
Top of the 6th over - 0 run(s), 0 hit(s), 0 error(s), 0 left on base; Rappahannock 1 - Sylvania 1 |
BOTTOM OF THE 6TH |
Sylvania Maple Leaves batting - Pitching for Rappahannock Partisans : RHP Jim Unknown
|
Batting: LHB Iván Gonzáles
|
0-0: Ball 1-0: Called Strike 1-1: Ball 2-1: Ball 3-1: Foul Ball, location: 2F 3-2: SOLO HOME RUN (Flyball, 89XD), Distance : 423 ft
|
Batting: LHB Daniel Ruíz
|
0-0: Called Strike 0-1: Foul Ball, location: 2F 0-2: Strikes out looking
|
Batting: RHB Yao-qing Ya
|
0-0: Ball 1-0: Ball 2-0: Ball 3-0: Called Strike 3-1: Base on Balls
|
Pitching: RHP Jon Shankle
|
|
Batting: RHB José Valdéz
|
0-0: Called Strike 0-1: Grounds into double play, 6-4-3 (Groundball, 6)
|
Bottom of the 6th over - 1 run(s), 1 hit(s), 0 error(s), 0 left on base; Rappahannock 1 - Sylvania 2 |
TOP OF THE 7TH |
Rappahannock Partisans batting - Pitching for Sylvania Maple Leaves : RHP José Ramírez
|
Batting: RHB Colby Turner
|
0-0: Ball 1-0: Ball 2-0: Ball 3-0: Called Strike 3-1: Foul Ball, location: 2F 3-2: Ground out 6-3 (Groundball, 6)
|
Batting: RHB Jesús Murillo
|
0-0: Called Strike 0-1: Called Strike 0-2: Strikes out swinging
|
Batting: LHB Miguel Mendoza
|
0-0: Called Strike 0-1: Swinging Strike 0-2: Ball 1-2: Strikes out looking
|
Top of the 7th over - 0 run(s), 0 hit(s), 0 error(s), 0 left on base; Rappahannock 1 - Sylvania 2 |
BOTTOM OF THE 7TH |
Sylvania Maple Leaves batting - Pitching for Rappahannock Partisans : RHP Jon Shankle
|
Pitching: LHP Wyatt Watson
|
|
Batting: LHB Chris Randolph
|
0-0: Foul Ball, location: 2F 0-1: Called Strike 0-2: Ground out 1-3 (Groundball, 13S)
|
Pitching: LHP Monte Conner
|
|
Batting: RHB Trevor Gardner
|
0-0: Ball 1-0: Foul Ball, location: 2F 1-1: Ball 2-1: Swinging Strike 2-2: Strikes out looking
|
Batting: RHB Kenny Norton
|
0-0: Swinging Strike 0-1: Ball 1-1: Ball 2-1: Ball 3-1: Swinging Strike 3-2: Foul Ball, location: 2F 3-2: Base on Balls
|
Batting: RHB Bernardo Márquez
|
0-0: Ball 1-0: Ground out 4-3 (Groundball, 4)
|
Bottom of the 7th over - 0 run(s), 0 hit(s), 0 error(s), 1 left on base; Rappahannock 1 - Sylvania 2 |
TOP OF THE 8TH |
Rappahannock Partisans batting - Pitching for Sylvania Maple Leaves : RHP José Ramírez
|
Now at 1B: Rafael Álvarez
|
|
Batting: RHB Ángel Ruezga
|
0-0: Ball 1-0: Foul Ball, location: 2F 1-1: Swinging Strike 1-2: Ball 2-2: Ball 3-2: Strikes out swinging
|
Pitching: RHP Jim Unknown
|
|
Batting: RHB Bill Taylor
|
0-0: Swinging Strike 0-1: Ball 1-1: Ball 2-1: Swinging Strike 2-2: Fly out, F8 (Flyball, 8RS)
|
Batting: LHB Alfonso López
|
0-0: Ball 1-0: Ground out 4-3 (Groundball, 34)
|
Top of the 8th over - 0 run(s), 0 hit(s), 0 error(s), 0 left on base; Rappahannock 1 - Sylvania 2 |
BOTTOM OF THE 8TH |
Sylvania Maple Leaves batting - Pitching for Rappahannock Partisans : LHP Monte Conner
|
Batting: RHB Harris Harden
|
0-0: Ball 1-0: Called Strike 1-1: Ball 2-1: Ball 3-1: Foul Ball, location: 2F 3-2: Ground out 6-3 (Groundball, 6M)
|
Batting: LHB Iván Gonzáles
|
0-0: Called Strike 0-1: Ball 1-1: Ball 2-1: Foul Ball, location: 2F 2-2: Ball 3-2: Ground out 6-3 (Groundball, 4M)
|
Batting: LHB Daniel Ruíz
|
0-0: Called Strike 0-1: Swinging Strike 0-2: Ball 1-2: Ground out 6-3 (Groundball, 6M)
|
Bottom of the 8th over - 0 run(s), 0 hit(s), 0 error(s), 0 left on base; Rappahannock 1 - Sylvania 2 |
TOP OF THE 9TH |
Rappahannock Partisans batting - Pitching for Sylvania Maple Leaves : RHP Jim Unknown
|
Pinch Hitting: RHB San-gui Liang
|
0-0: Swinging Strike 0-1: Ball 1-1: Foul Ball, location: 2F 1-2: Foul Ball, location: 2F 1-2: Reached on error, E5 (Groundball, 5)
|
Pinch Hitting: LHB Jim Unknown
|
0-0: Called Strike 0-1: Ball 1-1: Ball 2-1: DOUBLE (Flyball, 89D) San-gui Liang to third
|
Batting: RHB Matt Sheppard
|
0-0: Ball 1-0: Ball 2-0: Foul Ball, location: 2F 2-1: Swinging Strike 2-2: Ball 3-2: Strikes out swinging
|
Batting: RHB Colby Turner
|
0-0: Ball 1-0: Foul Ball, location: 2F 1-1: Ball 2-1: Ball 3-1: Base on Balls
|
Batting: RHB Jesús Murillo
|
0-0: Ball 1-0: Called Strike 1-1: GRAND SLAM HOME RUN (Flyball, 78D), Distance : 414 ft
|
Pitching: RHP Abel Blok
|
|
Batting: LHB Miguel Mendoza
|
0-0: Ball 1-0: Foul Ball, location: 2F 1-1: Swinging Strike 1-2: Ball 2-2: Foul Ball, location: 2F 2-2: Strikes out swinging
|
Batting: RHB Ángel Ruezga
|
0-0: Ball 1-0: SINGLE (Line Drive, 56)
|
Batting: RHB Bill Taylor
|
0-0: Called Strike 0-1: Foul Ball, location: 2F 0-2: Hit by Pitch Ángel Ruezga to second
|
Batting: LHB Alfonso López
|
0-0: Ground out 2-3 (Groundball, 2L)
|
Top of the 9th over - 4 run(s), 3 hit(s), 1 error(s), 2 left on base; Rappahannock 5 - Sylvania 2 |
BOTTOM OF THE 9TH |
Sylvania Maple Leaves batting - Pitching for Rappahannock Partisans : LHP Monte Conner
|
Pitching: RHP Herman Barnes
|
|
Now at C: San-gui Liang
|
|
Now at 1B: Cipriano Oliveira
|
|
Now in LF: Jim Unknown
|
|
Batting: RHB Yao-qing Ya
|
0-0: Ground out 2-3 (Groundball, 2R)
|
Batting: RHB José Valdéz
|
0-0: Ball 1-0: Foul Ball, location: 2F 1-1: Foul Ball, location: 2F 1-2: Foul Ball, location: 2F 1-2: Fly out, F7 (Popup, 78S)
|
Batting: LHB Rafael Álvarez
|
0-0: Ball 1-0: Ground out 4-3 (Groundball, 4)
|
Bottom of the 9th over - 0 run(s), 0 hit(s), 0 error(s), 0 left on base; Rappahannock 5 - Sylvania 2 |
|